 Dungeon Crawl Stone Soup version 0.31-a0-931-g7b59d4eb97 (webtiles) character file.

Game seed: 7424266364798839204

6 voltaire321 the Stinger (level 1, 0/14 HPs)
             Began as a Demonspawn Venom Mage on Oct 20, 2023.
             Slain by a quokka (3 damage)
             ... on level 1 of the Dungeon.
             The game lasted 00:00:54 (153 turns).

voltaire321 the Stinger (Demonspawn Venom Mage)      Turns: 153, Time: 00:00:54

Health: 0/14       AC:  2    Str:  8    XL:     1   Next: 75%
Magic:  0/3        EV: 12    Int: 16    God:
Gold:   15         SH:  0    Dex: 13    Spells: 3/4 levels left

rFire   . . .        (no weapon)
rCold   . . .        (no shield)
rNeg    . . .        a - +0 robe
rPois   .            (no helmet)
rElec   .            (no cloak)
rCorr   .            (no gloves)
SInv    .            (no boots)
Will    .....        (no amulet)
Stlth   ++           (no ring)
HPRegen 0.22/turn    (no ring)
MPRegen 0.08/turn

%: no passive effects
@: no status effects
A: no striking features
a: no special abilities


You were on level 1 of the Dungeon.
You visited 1 branch of the dungeon, and saw 1 of its levels.

You collected 15 gold pieces.

Inventory:

Armour
 a - a +0 robe (worn)
Potions
 b - a potion of magic


   Skills:
 + Level 0.3 Fighting
 + Level 0.2 Armour
 + Level 1.8 Dodging
 - Level 1.7 Stealth
 + Level 2.1 Spellcasting
 - Level 1.0 Transmutations
 + Level 3.0 Poison Magic


You had 3 spell levels left.
You knew the following spells:

 Your Spells              Type           Power      Damage    Failure   Level
a - Sting                 Tmut/Pois      32%        1d4       9%          1

Your spell library contained the following spells:

 Spells                   Type           Power      Damage    Failure   Level
 Poisonous Vapours        Pois/Air       12%        N/A       17%         2
 Mephitic Cloud           Conj/Pois/Air  4%         N/A       38%         3
 Olgreb's Toxic Radiance  Pois           11%        N/A       50%         4


Dungeon Overview and Level Annotations

Branches:
Dungeon (1/15)

Altars:


Message History

Aim: a quokka (56% to hit)
The sting hits the quokka but does no damage.
The quokka is poisoned.
Aiming: Sting (safe; 9% risk of failure)
Press: ? - help, Q - select action Shift-Dir - straight line, f/p - quokka
Aim: a quokka (lightly wounded, poisoned, 56% to hit)
The sting hits the quokka.
The quokka looks even sicker.
The quokka is moderately wounded.
You completely miss the quokka.
The quokka is moderately wounded.
The quokka splashes around in the water.
You miss the quokka.
The quokka is moderately wounded.
The quokka splashes around in the water.
The quokka closely misses you.
You hit the quokka but do no damage.
The quokka is moderately wounded.
The quokka splashes around in the water.
You barely miss the quokka.
The quokka is moderately wounded.
The quokka bites you.
You barely miss the quokka.
The quokka is moderately wounded.
The quokka barely misses you.
Your magical contamination has completely faded away.
You hit the quokka but do no damage.
The quokka is heavily wounded.
The quokka closely misses you.
You hit the quokka but do no damage.
The quokka is heavily wounded.
The quokka bites you.
The quokka splashes around in the water.
You barely miss the quokka.
The quokka is severely wounded.
The quokka bites you.
* * * LOW HITPOINT WARNING * * *
You closely miss the quokka.
The quokka is almost dead.
The quokka bites you.
You die...

#.##.≈♣ ♣≈~≈♣ ♣≈~≈♣♣♣≈.≈♣♣♣≈~#
#.##~≈≈≈≈≈~≈≈≈≈≈~≈≈≈≈≈.≈≈≈≈≈~#
#...~~.~.~..~~~~....~.~~..~~.#
##...≈≈≈≈≈.≈≈≈≈≈.≈≈≈≈≈.≈≈≈≈≈.#
. ♣≈ ♣≈~≈♣♣♣≈.≈♣♣♣≈.. .# ♣≈~
♣≈.≈♣ ♣≈.≈♣ ≈..
♣♣≈.≈♣♣♣≈~≈♣♣♣≈~≈♣♣♣≈~#
≈≈≈~≈≈≈≈≈.≈≈≈≈≈.≈≈≈≈≈~#
~~~~~~r@...~.~~~~.~~~~.
≈≈≈.≈≈≈≈≈~≈≈≈≈≈.≈≈≈≈≈~#
♣♣≈.≈♣♣♣≈~≈♣♣♣≈~≈♣♣♣≈.# ♣≈.
♣≈~≈♣ ♣≈~≈♣ ≈.# ♣≈ ♣≈.≈♣ ♣≈~≈♣
~# ≈≈ ≈≈≈~≈≈ ≈≈~≈≈≈ !
~~~..~~~..~~.~.
≈≈≈≈~≈≈≈≈≈.≈≈≈≈


You could see a quokka (poisoned).

Vanquished Creatures
  A ball python (D:1)
  3 jackals (D:1)
  A rat (D:1)
5 creatures vanquished.

Notes
Turn   | Place    | Note
-------+----------+-------------------------------------------
     0 | D:1      | voltaire321 the Demonspawn Venom Mage began the quest for
                  | the Orb.
     0 | D:1      | Reached XP level 1. HP: 13/13 MP: 3/3
    78 | D:1      | Reached skill level 1 in Transmutations
   153 | D:1      | Slain by a quokka

Illustrated notes

Levels and vault maps discovered:
D:1:      amcnicky_arrival_single_pillar, layout_loops_ring, kennysheep_boxes

Skill      XL: |  1 |
---------------+----+-----
Transmutations | 1 |  1.0
Fighting       | |  0.3
Armour         | |  0.2
Dodging        | |  1.8
Stealth        | |  1.7
Spellcasting   | |  2.1
Poison Magic   | |  3.0

Action                     || total
---------------------------++-------
  Melee: Unarmed           ||    20
   Cast: Sting             ||     8
 Armour: Robe              ||     9
  Dodge: Dodged            ||    12

Table legend: (Time is in decaauts)
 A = Elapsed time spent in this place.
 B = Non-inter-level travel time spent in this place.
 C = Inter-level travel time spent in this place.
 D = Time resting spent in this place.
 E = Time spent auto-exploring this place.
 F = Levels seen in this place.
 G = Mean time per level.
                   A        B        C        D        E       F      G
               +--------+--------+--------+--------+--------+-----+--------+
         Total |    162 |    162 |      0 |     30 |     70 |   1 |  162.0 |
       Dungeon |    162 |    162 |      0 |     30 |     70 |   1 |  162.0 |
               +--------+--------+--------+--------+--------+-----+--------+

Top non-repeatable levels by time:
     D:1: 162 daAuts
